 Dungeon Crawl Stone Soup version 0.26-a0-690-gcb57259078 (webtiles) character file.

Game seed: 12910979980701328091

1376 ringo67 the Skirmisher (level 8, -4/87 HPs)
             Began as an Ogre Fighter on Oct 24, 2020.
             Was an Initiate of Okawaru.
             Hit by a boomerang thrown by an orc warrior (10 damage)
             ... on level 6 of the Dungeon.
             The game lasted 00:10:07 (7805 turns).

ringo67 the Skirmisher (Ogre Fighter)               Turns: 7805, Time: 00:10:08

Health: -4/87      AC:  3    Str: 28    XL:     8   Next: 66%
Magic:  8/8        EV:  9    Int:  9    God:    Okawaru [......]
Gold:   268        SH:  9    Dex:  9    Spells: 7/7 levels left

rFire    . . .     SeeInvis .   l - +1 mace (venom)
rCold    + . .     Faith    .   c - +0 kite shield
rNeg     . . .     Spirit   .   o - +0 robe {MR+}
rPois    .         Reflect  .   (helmet restricted)
rElec    .         Harm     .   (no cloak)
rCorr    .         Rampage  .   (gloves unavailable)
MR       +....                  (boots unavailable)
Stlth    +.........             C - amulet of magic regeneration
HPRegen  0.24/turn              s - +6 ring of strength
MPRegen  0.36/turn              v - ring of protection from cold

@: no status effects
A: large, unfitting armour, tough skin 1
a: Renounce Religion


You were on level 6 of the Dungeon.
You worshipped Okawaru.
Okawaru was noncommittal.
You visited 2 branches of the dungeon, and saw 7 of its levels.

You collected 268 gold pieces.

Inventory:

Hand Weapons
 a - a +0 flail
 l - a +1 mace of venom (weapon)
 B - a +0 giant club
 G - a +0 giant spiked club
Missiles
 g - 16 poisoned darts (quivered)
 m - 165 stones
 y - 6 boomerangs
Armour
 b - a +0 robe
 c - a +0 kite shield (worn)
 o - a +0 robe of magic resistance (worn)
Jewellery
 h - an uncursed amulet of faith
 s - a +6 ring of strength (left hand)
 v - a ring of protection from cold (right hand)
 C - an amulet of magic regeneration (around neck)
Wands
 E - a wand of iceblast (8)
 H - a wand of random effects (21)
Scrolls
 j - 3 scrolls of remove curse
 n - a scroll of fog {unknown}
 r - 3 scrolls of identify
 w - 2 scrolls of enchant weapon {unknown}
 x - a scroll of magic mapping {unknown}
 z - a scroll of enchant armour {unknown}
 A - 3 scrolls of teleportation {unknown}
 D - a scroll of blinking {unknown}
Potions
 d - a potion of might
 e - 2 potions of stabbing {unknown}
 f - 2 potions of curing
 i - 2 potions of lignification
 k - 2 potions of flight {unknown}
 p - 3 potions of berserk rage
 q - 4 potions of cancellation
 t - a potion of ambrosia {unknown}
 u - 2 potions of brilliance
 F - a potion of haste {unknown}
 I - 2 potions of heal wounds {unknown}


   Skills:
 + Level 7.5 Fighting
 * Level 6.5 Maces & Flails
 + Level 3.2 Throwing
 + Level 5.1 Dodging
 - Level 2.6 Shields


You had 7 spell levels left.
You didn't know any spells.
Your spell library was empty.

Dungeon Overview and Level Annotations

Branches:
Dungeon (6/15)             Temple (1/1) D:6

Altars:
Ashenzari
Cheibriados
Dithmenos
Elyvilon
Fedhas
Hepliaklqana
Kikubaaqudgha
Nemelex Xobeh
Okawaru
Qazlal
Ru
Sif Muna
Trog
Uskayaw
Vehumet
Xom
Yredelemnul
Zin
The Shining One

Shops:
D:6 (


Innate Abilities, Weirdness & Mutations

You are too large for most types of armour.
You have tough skin. (AC +1)


Message History

The orc priest is moderately wounded.
The orc warrior throws a boomerang.
The boomerang closely misses you.
The weapon returns to the orc warrior!
Throwing (i - inventory. (/) - cycle)
g - 17 poisoned darts (quivered)
Press: ? - help, Shift-Dir - straight line, f/p - orc priest
Aim: an orc priest, wearing a +0 scale mail (moderately wounded, extremely poisoned)
You throw a poisoned dart. The poisoned dart hits the orc warrior.
The orc warrior looks as sick as possible!
The orc warrior is heavily wounded.
The orc warrior throws a boomerang.
The boomerang hits you!
The orc warrior throws a boomerang.
The boomerang hits you!
* * * LOW HITPOINT WARNING * * *
The weapon returns to the orc warrior!
The orc priest mumbles some strange prayers to Beogh against you.
Beogh smites you!
* * * LOW HITPOINT WARNING * * *
The orc warrior throws a boomerang.
You block the boomerang.
The weapon returns to the orc warrior!
The orc warrior throws a boomerang.
The boomerang hits you!
You die...

#. #.♣# #o# #........ #. ..
#o# #.#...... #.#.# #.#
#.#..##)# #... #.#
###..##[# #..# #.# #..##.#
#..# #.# #..##.#
#..######.# #..##.# #
#.........###############.#
.
#..######.@...............#
# #.## ###################
#.# #.# #######.# ........#
#########


You could see an orc warrior (very poisoned).

Vanquished Creatures
  A sky beast (D:5)
  An orc warrior (D:6)
  2 ice beasts
  2 ogres
  A wyvern skeleton (D:3)
  A scorpion (D:4)
  2 hounds (D:5)
  4 orc wizards
  2 orc priests
  Terence (D:2)
  2 iguanas
  4 worker ants
  2 howler monkey zombies
  A worker ant zombie (D:5)
  8 adders
  9 gnolls
  A shadow imp (D:5)
  2 white imps (D:5)
  An adder skeleton (D:4)
  A dart slug (D:3)
  3 leopard geckos
  21 orcs
  A ball python (D:1)
  7 bats
  5 giant cockroaches
  9 goblins
  9 hobgoblins
  3 jackals (D:4)
  3 quokkas
  7 frilled lizards
  A jackal skeleton (D:4)
  6 kobolds
  A leopard gecko skeleton (D:6)
  9 rats
  A spectral orc (D:5)
134 creatures vanquished.

Notes
Turn   | Place    | Note
-------+----------+-------------------------------------------
     0 | D:1      | ringo67 the Ogre Fighter began the quest for the Orb.
     0 | D:1      | Reached XP level 1. HP: 24/24 MP: 1/1
   266 | D:1      | Reached XP level 2. HP: 26/32 MP: 2/2
   604 | D:1      | Reached XP level 3. HP: 39/39 MP: 3/3
   655 | D:1      | Reached skill level 1 in Throwing
  1575 | D:2      | Reached XP level 4. HP: 24/49 MP: 4/4
  1755 | D:2      | Found a white marble altar of Elyvilon.
  1828 | D:2      | Noticed Terence
  1850 | D:2      | Killed Terence
  2422 | D:2      | Reached XP level 5. HP: 28/55 MP: 5/5
  3381 | D:3      | Reached skill level 5 in Fighting
  3407 | D:3      | Reached XP level 6. HP: 37/66 MP: 6/6
  3620 | D:3      | Found a glowing silver altar of Zin.
  3642 | D:3      | Found a broken altar of Ashenzari.
  4121 | D:3      | Found a shimmering altar of Xom.
  4372 | D:4      | Found a snail-covered altar of Cheibriados.
  4808 | D:4      | Reached XP level 7. HP: 36/74 MP: 7/7
  5457 | D:4      | Reached skill level 6 in Fighting
  5520 | D:5      | Entered Level 5 of the Dungeon
  5580 | D:5      | Noticed a +0 dagger
  5581 | D:5      | Found a hide-covered altar of Uskayaw.
  5581 | D:5      | Noticed a +0 dagger
  5667 | D:5      | Reached skill level 5 in Maces & Flails
  5844 | D:5      | Reached XP level 8. HP: 69/84 MP: 8/8
  6421 | D:5      | Found a basalt altar of Yredelemnul.
  6672 | D:6      | Reached skill level 7 in Fighting
  6904 | D:6      | Reached skill level 5 in Dodging
  7576 | D:6      | Found a staircase to the Ecumenical Temple.
  7583 | Temple   | Entered the Ecumenical Temple
  7620 | Temple   | Became a worshipper of Warmaster Okawaru
  7748 | D:6      | Found Noarran's Weapon Boutique.
  7805 | D:6      | Hit by a boomerang thrown by an orc warrior

Illustrated notes

Levels and vault maps discovered:
D:1:      giann_bridges, layout_basic
D:2:      wad_crossroads, layout_basic, elyvilon_altar_4,
          minmay_misc_feat_four_crosses, uniq_terence
D:3:      layout_basic, xom_teletrap_fun, old_standard_altar,
          cheibrodos_ashenzari_chains
D:4:      layout_loops_corners, lemuel_crystal_altar
D:5:      layout_loops_ring, yredelemnul_forgotten_temple_becter,
          dancing_weapons_uskayaw
D:6:      layout_basic, overflow_temple_1_default,
          minmay_temple_entry_butterflies, serial_shops, nicolae_shop_trees,
          minmay_misc_feat_secret_circle, uniq_pikel
Temple:   minmay_temple_bridge_abc

Skill      XL: |  1  2  3  4  5  6  7  8 |
---------------+-------------------------+-----
Maces & Flails | 2 3 4 5 6 |  6.5
Throwing       | 1 2 3 |  3.2
Dodging        | 3 4 5 |  5.1
Fighting       | 5 6 7 |  7.5
Shields        | |  2.6

Action                   |  1- 3 |  4- 6 |  7- 9 || total
-------------------------+-------+-------+-------++-------
Melee: Flail             |   127 |    32 |       ||   159
       Mace              |       |   176 |   136 ||   312
Throw: Stone             |       |     5 |       ||     5
       Boomerang         |       |       |    13 ||    13
       Dart              |       |       |     9 ||     9
  Use: Scroll            |       |       |     6 ||     6
 Stab: Sleeping          |       |     1 |     1 ||     2
Armor: Robe              |    47 |    39 |    16 ||   102
Dodge: Dodged            |    50 |    82 |    48 ||   180
Block: Kite shield       |    64 |    91 |    68 ||   223

Table legend: (Time is in decaauts)
 A = Elapsed time spent in this place.
 B = Non-inter-level travel time spent in this place.
 C = Inter-level travel time spent in this place.
 D = Time resting spent in this place.
 E = Time spent auto-exploring this place.
 F = Levels seen in this place.
 G = Mean time per level.
                   A        B        C        D        E       F      G
               +--------+--------+--------+--------+--------+-----+--------+
         Total |   7943 |   7722 |    221 |   1818 |   4689 |   7 | 1134.7 |
       Dungeon |   7885 |   7684 |    201 |   1818 |   4677 |   6 | 1314.2 |
        Temple |     58 |     38 |     20 |      0 |     12 |   1 |   58.0 |
               +--------+--------+--------+--------+--------+-----+--------+

Top non-repeatable levels by time:
     D:2: 1919 daAuts
     D:1: 1529 daAuts
     D:4: 1343 daAuts
     D:5: 1146 daAuts
     D:6: 1100 daAuts
     D:3: 845 daAuts
  Temple: 58 daAuts
